 Dungeon Crawl Stone Soup version 0.31-a0-256-g80acddb972 (webtiles) character file.

Game seed: 5826256470377902653

10817 Ijustatesigmund the Cruncher (level 11, -4/71 HPs)
             Began as an Octopode Venom Mage on July 13, 2023.
             Was a Believer of Vehumet.
             Slain by a flying skull (9 damage)
             ... in a Gauntlet.
             The game lasted 00:37:43 (18486 turns).

Ijustatesigmund the Cruncher (Octopode Venom Mage) Turns: 18486, Time: 00:37:44

Health: -4/71      AC:  3    Str:  7    XL:     11   Next: 68%
Magic:  22/22      EV: 16    Int: 22    God:    Vehumet [**....]
Gold:   432        SH:  0    Dex: 19    Spells: 8/25 levels left

rFire   . . .        c - +5 spear
rCold   . . .        (no shield)
rNeg    . . .        b - +2 hat
rPois   .            (no amulet)
rElec   .            f - ring of resist corrosion
rCorr   +            o - +6 ring of dexterity
SInv    .            (no ring)
Will    .....        (no ring)
Stlth   +++          (no ring)
HPRegen 0.31/turn    (no ring)
MPRegen 0.18/turn    (no ring)
                     (no ring)

%: no teleportation
@: studying Staves
A: almost no armour, amphibious, 8 rings, camouflage 1, gelatinous body 1,
(nimble swimmer 1), tentacles
a: Renounce Religion


You were in a Gauntlet.
You worshipped Vehumet.
Vehumet was pleased with you.
You visited 2 branches of the dungeon, and saw 12 of its levels.
You also visited: Sewer and Gauntlet.

You collected 432 gold pieces.

Inventory:

Hand Weapons
 c - a +5 spear (weapon)
 e - a +2 flail of protection
Armour
 b - a +2 hat (worn)
 v - a +0 buckler
Jewellery
 f - a ring of resist corrosion (left tentacle)
 o - a +6 ring of dexterity (right tentacle)
 r - a ring of ice
 w - the ring "Vaysuq" {Fly rF++ MP+9 Str-3 Dex+8}
   (You found it in a Gauntlet)

   [ring of flight]

   Str:       It affects your strength (-3).
   Dex:       It affects your dexterity (+8).
   rF:        It greatly protects you from fire.
   MP:        It affects your magic capacity (+9).
   Fly:       It grants you flight.
Talismans
 q - a beast talisman
Wands
 m - a wand of flame (6)
 p - a wand of mindburst (11)
 t - a wand of polymorph (7)
 u - a wand of iceblast (4)
Scrolls
 g - 9 scrolls of teleportation
 h - 5 scrolls of identify
 i - 4 scrolls of enchant armour
 l - 2 scrolls of blinking
Potions
 a - a potion of magic
 d - 3 potions of brilliance
 j - a potion of might
 k - a potion of ambrosia
 n - 3 potions of enlightenment


   Skills:
 - Level 5.0 Fighting
 - Level 9.2 Staves
 - Level 5.0 Dodging
 - Level 2.6 Stealth
 + Level 7.7 Spellcasting
 + Level 6.0 Conjurations
 - Level 6.5 Necromancy
 - Level 1.0 Transmutations
 - Level 5.6 Air Magic
 + Level 1.8 Earth Magic
 - Level 8.0 Poison Magic
 - Level 4.4 Evocations


You had 8 spell levels left.
You knew the following spells:

 Your Spells              Type           Power      Damage    Failure   Level
a - Sting                 Tmut/Pois      100%       1d8       1%          1
b - Poisonous Vapours     Pois/Air       76%        N/A       1%          2
c - Mephitic Cloud        Conj/Pois/Air  37%        N/A       1%          3
d - Olgreb's Toxic Radia  Pois           43%        N/A       2%          4
e - Dispel Undead         Necr           37%        3d15      5%          4
f - Stone Arrow           Conj/Erth      50%        3d10      4%          3

Your spell library contained the following spells:

 Spells                   Type           Power      Damage    Failure   Level
 Momentum Strike          Conj/Tloc      42%        3d9       3%          2
 Kiss of Death            Conj/Necr      100%       2d13      1%          1
 Necrotise                Necr           100%       1d9       1%          1
 Cigotuvi's Dreadful Rot  Necr/Pois/Air  76%        N/A       1%          2
 Vampiric Draining        Necr           37%        2d8       1%          3
 Summon Small Mammal      Summ           32%        N/A       8%          1
 Scorch                   Fire           16%        2d6       12%         2
 Agony                    Necr           37%        N/A       14%         5
 Call Canine Familiar     Summ           8%         N/A       22%         3
 Confusing Touch          Hex            8%         N/A       22%         3
 Summon Guardian Golem    Hex/Summ       8%         N/A       22%         3
 Flame Wave               Conj/Fire      21%        2d8       22%         4
 Summon Lightning Spire   Summ/Air       20%        N/A       24%         4
 Summon Cactus Giant      Summ           4%         N/A       100%        6
 Lehudib's Crystal Spear  Conj/Erth      12%        10d4      100%        8
 Animate Armour           Summ/Erth      Unusable   N/A       N/A         4

Dungeon Overview and Level Annotations

Branches:
Dungeon (11/15)            Temple (1/1) D:7            Lair (0/5) D:8
  Sewer (visited)         Gauntlet (1/1)
    Orc: D:9-12

Altars:
Ashenzari
Cheibriados
Dithmenos
Elyvilon
Fedhas
Gozag
Hepliaklqana
Kikubaaqudgha
Makhleb
Nemelex Xobeh
Okawaru
Qazlal
Ru
Sif Muna
Trog
Uskayaw
Vehumet
Wu Jian
Xom
Yredelemnul
Zin
The Shining One

Shops:
D:9 *

Annotations:
D:3 1 runed translucent door, fedoskokos's ghost, amateur FoFi Gauntlet 3 transporters, exclusion: lightning spire


Innate Abilities, Weirdness & Mutations

You cannot wear most types of armour.
You are amphibious.
You can wear up to eight rings at the same time.
Your skin changes colour to match your surroundings (Stealth+).
Your rubbery body absorbs attacks. (AC +1, EV +1)
((You are camouflaged when in or above water. (Stealth+)))
You have tentacles for arms and can constrict up to eight enemies at once.


Message History

Found a transporter.
The flying skull barely misses you.
Okay, then.
You see here the ring "Vaysuq" {Fly rF++ MP+9 Str-3 Dex+8}.
w - the ring "Vaysuq" {Fly rF++ MP+9 Str-3 Dex+8} The flying skull barely misses you.
The flying skull completely misses you.
The flying skull attacks as you move away!
The flying skull hits you!
The flying skull gives a hideous shriek!
You hear a hideous shriek!
The flying skull barely misses you.
There is a transporter here.
You enter the transporter and appear at another place.
The flying skull gives a hideous shriek! x4
You hear a hideous shriek! x2
The flying skull closely misses you. The flying skull misses you.
The flying skull hits you but does no damage.
The flying skull hits you!
The flying skull gives a hideous shriek! x3
You hit the flying skull. Your grab misses the flying skull.
The flying skull is lightly damaged.
The flying skull hits you!
* * * LOW HITPOINT WARNING * * *
The flying skull hits you!
* * * LOW HITPOINT WARNING * * *
You feel better. The flying skull hits you!
* * * LOW HITPOINT WARNING * * *
The flying skull barely misses you.
You closely miss the flying skull. Your grab misses the flying skull.
You squeeze the flying skull.
The flying skull is lightly damaged.
The flying skull hits you.
* * * LOW HITPOINT WARNING * * *
The flying skull misses you. The flying skull hits you.
* * * LOW HITPOINT WARNING * * *
The flying skull barely misses you.
You closely miss the flying skull. Your grab misses the flying skull.
Your squeeze misses the flying skull.
The flying skull is lightly damaged.
The flying skull hits you!
You die...

..#.##...##.#...#..
..##..#.#z.##...#.#
..#....z.zz.#...#h#
..##..#z#..##...#..
..#.#######z#...#.#
..#..#...#z.#...#.#
..#..}!zzzzz#...#8.
..###########...###
.....#.@z#....≈....
...8.#.z.#...≈8≈...
.....#.©.#....≈....
..###########...###
..#zzzz#zz..#...#.
..#.zz#z#z..#...#
..#..#zz.#..#..
..#.# .#. #.#..


You could see 23 flying skulls.

Vanquished Creatures
  A two-headed ogre (D:9)
  Maurice (D:9)
  A manticore (D:11)
  A gargoyle (D:9)
  An unseen horror (D:11)
  A meliai (shapeshifter) (D:9)
  A troll (D:11)
  A hornet (D:7)
  A shadow (D:10)
  A vampire (D:9)
  3 wyverns
  11 yaks
  2 basilisks (D:8)
  2 steam dragons
  3 water moccasins (D:8)
  3 acid dragons
  3 orc warriors
  2 black bears (D:8)
  2 ice beasts (D:8)
  4 sky beasts
  3 ogres
  3 wolves (D:8)
  4 centaurs
  2 kobold brigands
  4 phantoms
  8 bullfrogs
  2 scorpions
  10 wights
  A ballistomycete (Gauntlet)
  3 howler monkeys (D:10)
  3 hounds
  5 jellies
  6 orc priests
  2 gnoll boudas
  5 iguanas
  A sleepcap (D:7)
  10 orc wizards
  15 gnolls
  10 adders
  A white imp (D:5)
  2 ufetubi
  3 worms
  6 dart slugs
  36 orcs
  8 bats
  18 endoplasms
  6 giant cockroaches
  5 goblins
  5 hobgoblins
  3 jackals (D:5)
  18 kobolds
  20 quokkas
  11 ball pythons
  11 frilled lizards
  6 rats
301 creatures vanquished.

Vanquished Creatures (others)
  An orc wizard (D:2)
1 creature vanquished.

Grand Total: 302 creatures vanquished

Notes
Turn   | Place    | Note
-------+----------+-------------------------------------------
     0 | D:1      | Ijustatesigmund the Octopode Venom Mage began the quest for
                  | the Orb.
     0 | D:1      | Reached XP level 1. HP: 11/11 MP: 3/3
   184 | D:1      | Reached XP level 2. HP: 18/18 MP: 5/5
   194 | D:1      | Learned a level 2 spell: Poisonous Vapours
   246 | D:1      | Reached skill level 1 in Fighting
   502 | D:1      | Reached XP level 3. HP: 23/23 MP: 2/6
   514 | D:1      | Learned a level 3 spell: Mephitic Cloud
   678 | D:1      | Found a faded altar of an unknown god.
  1258 | D:2      | Reached skill level 1 in Air Magic
  1473 | D:2      | Reached skill level 1 in Conjurations
  1473 | D:2      | Reached XP level 4. HP: 21/28 MP: 6/8
  2356 | D:3      | Found a runed translucent door.
  2359 | D:3      | Noticed fedoskokos's ghost (amateur FoFi)
  2364 | D:3      | Noticed an ogre
  2473 | D:3      | Reached XP level 5. HP: 33/33 MP: 3/9
  3227 | D:4      | Reached skill level 5 in Poison Magic
  3229 | D:4      | Reached XP level 6. HP: 38/38 MP: 6/10
  3266 | D:4      | Found a glowing drain.
  3288 | Sewer    | Entered a sewer
  4145 | Sewer    | Learned a level 4 spell: Olgreb's Toxic Radiance
  5235 | Sewer    | Reached XP level 7. HP: 27/43 MP: 2/12
  5977 | D:4      | Learned a level 4 spell: Dispel Undead
  6026 | D:5      | Entered Level 5 of the Dungeon
  6264 | D:5      | Reached skill level 1 in Necromancy
  6499 | D:5      | Reached XP level 8. HP: 18/48 MP: 6/15
  6501 | D:5      | HP: 2/48 [white imp/puff of frost (7)]
  6724 | D:5      | Reached skill level 5 in Spellcasting
  8519 | D:6      | Got the Incunabulum of Lightning
  8558 | D:6      | Reached skill level 1 in Evocations
  8905 | D:6      | Reached XP level 9. HP: 54/54 MP: 14/18
  9017 | D:6      | Reached skill level 5 in Necromancy
  9613 | D:7      | Noticed a hornet
  9618 | D:7      | Paralysed by a hornet for 1 turns
  9619 | D:7      | Killed a hornet
 10438 | D:7      | Found a staircase to the Ecumenical Temple.
 10452 | Temple   | Entered the Ecumenical Temple
 10804 | Temple   | Became a worshipper of Vehumet
 12027 | D:8      | Reached XP level 10. HP: 47/63 MP: 7/20
 12744 | D:8      | Reached skill level 5 in Conjurations
 12744 | D:8      | Reached skill level 5 in Air Magic
 13568 | D:8      | Found a staircase to the Lair.
 13870 | D:8      | Reached skill level 1 in Staves
 13947 | D:8      | Reached skill level 2 in Staves
 14153 | D:8      | Reached * piety under Vehumet
 14153 | D:8      | Offered knowledge of Shock by Vehumet.
 14154 | D:8      | Reached skill level 3 in Staves
 14180 | D:8      | Noticed a purple ugly thing
 14181 | D:8      | Noticed a cyclops
 14279 | D:9      | Found Foqe's General Store.
 14308 | D:9      | Reached skill level 4 in Staves
 14339 | D:9      | Reached skill level 5 in Staves
 14634 | D:9      | Reached skill level 6 in Staves
 14660 | D:9      | Reached XP level 11. HP: 28/70 MP: 4/21
 14662 | D:9      | Reached skill level 7 in Staves
 14972 | D:9      | Identified the +0 robe of Philately {rPois rN+ Dex+3 SInv}
 15039 | D:9      | Noticed Maurice
 15068 | D:9      | Killed Maurice
 15069 | D:9      | Reached skill level 8 in Staves
 15550 | D:9      | Noticed a two-headed ogre
 15559 | D:9      | Killed a two-headed ogre
 15560 | D:9      | Reached skill level 5 in Dodging
 15856 | D:9      | Found a shimmering blue altar of Sif Muna.
 15923 | D:10     | Entered Level 10 of the Dungeon
 16210 | D:10     | Reached skill level 9 in Staves
 16866 | D:10     | Offered knowledge of Momentum Strike by Vehumet.
 17029 | D:10     | Reached ** piety under Vehumet
 17039 | D:9      | Reached skill level 5 in Fighting
 17393 | D:9      | Learned a level 3 spell: Stone Arrow
 17616 | D:10     | Found a stormy altar of Qazlal.
 17773 | D:11     | Reached skill level 1 in Earth Magic
 17928 | D:11     | Noticed a manticore
 17940 | D:11     | Killed a manticore
 18098 | D:11     | Found a gate leading to a gauntlet.
 18108 | Gauntlet | Entered a Gauntlet
 18108 | Gauntlet | Noticed an oklob plant
 18108 | Gauntlet | Noticed a death scarab
 18108 | Gauntlet | Found a transporter.
 18108 | Gauntlet | Found a transporter.
 18304 | Gauntlet | Found a transporter.
 18304 | Gauntlet | Found a transporter.
 18427 | Gauntlet | Found a transporter.
 18432 | Gauntlet | an oklob plant changed into a ballistomycete
 18472 | Gauntlet | Found a transporter.
 18476 | Gauntlet | Found a transporter.
 18478 | Gauntlet | Identified the ring "Vaysuq" {Fly rF++ MP+9 Str-3 Dex+8}
 18486 | Gauntlet | Slain by a flying skull

Illustrated notes

Levels and vault maps discovered:
D:1:      grunt_arrival_crossed_arrows, layout_loops_ring,
          basic_ecumenical_altar, nrook_uturn
D:2:      layout_basic
D:3:      layout_rooms, ebering_ghost_inner_flame
D:4:      layout_basic, gup_sewer_entry_glass
D:5:      layout_gridville
D:6:      layout_basic
D:7:      layout_basic, minmay_temple_entry_antechambers
D:8:      layout_cave_pools, minmay_lair_entry_grove, lightli_corner_chamber
D:9:      layout_cave_pods, lemuel_blue_sif_altar, serial_co_window_serial,
          co_window_corner_a, co_window_paths_a, co_window_corner_a,
          co_window_of_opportunity_a, co_window_paths_a, co_window_paths_c,
          co_window_broadway_c, co_window_of_opportunity_b, glass_columns_b,
          serial_shops, nicolae_shop_hallway_stairs,
          hangedman_decor_peaks_small, uniq_maurice
D:10:     layout_irregular_city, lemuel_coloured_pillars_altar
D:11:     layout_long_grid, gauntlet_entry_generic
Temple:   mainiacjoe_temple_cubbyholes
Gauntlet: gammafunk_gauntlet_hard_choice [gammafunk_gauntlet_arena_teeth,
          gammafunk_gauntlet_arena_hedges, gammafunk_gauntlet_arena_chambers,
          nicolae_gauntlet_arena_grate_2, gammafunk_gauntlet_arena_arrow_garden,
          gammafunk_gauntlet_arena_mazey, gauntlet_exit_hidden_loot]

Skill      XL: |  1  2  3  4  5  6  7  8  9 10 11 |
---------------+----------------------------------+-----
Fighting       | 1 3 4 5 |  5.0
Poison Magic   | 4 5 6 7 8 |  8.0
Air Magic      | 1 2 3 4 5 |  5.6
Conjurations   | 1 2 3 4 5 6 |  6.0
Spellcasting   | 3 4 6 7 |  7.7
Necromancy     | 2 4 5 6 |  6.5
Evocations     | 1 3 4 |  4.4
Staves         | 6 9 |  9.2
Dodging        | 3 5 |  5.0
Earth Magic    | 1 |  1.8
Stealth        | |  2.6
Transmutations | |  1.0

Action                     |  1- 3 |  4- 6 |  7- 9 | 10-12 || total
---------------------------+-------+-------+-------+-------++-------
  Melee: Spear             |    15 |       |       |   130 ||   145
         Whip              |    36 |    46 |       |       ||    82
         Tentacles         |     8 |    41 |    34 |    49 ||   132
         Constrict         |    11 |    35 |    24 |    23 ||    93
         Unarmed           |     1 |       |       |       ||     1
         Punch             |       |     3 |     2 |     3 ||     8
         Flail             |       |   107 |   128 |    47 ||   282
   Cast: Sting             |    11 |     8 |     9 |     4 ||    32
         Poisonous Vapours |    21 |    49 |    35 |    29 ||   134
         Mephitic Cloud    |       |     3 |     3 |    11 ||    17
         Olgreb's Toxic Ra |       |     6 |    31 |    35 ||    72
         Dispel Undead     |       |       |     6 |    16 ||    22
         Stone Arrow       |       |       |       |     2 ||     2
  Evoke: Wand              |       |     4 |     6 |    20 ||    30
    Use: Scroll            |       |    13 |     4 |     1 ||    18
         Potion            |       |     2 |     2 |     6 ||    10
   Stab: Sleeping          |     5 |     8 |     3 |     1 ||    17
         Invisible         |       |       |     1 |       ||     1
         Confused          |       |       |       |     1 ||     1
 Armour: Skin              |     7 |    30 |    40 |    50 ||   127
  Dodge: Dodged            |    21 |    93 |    95 |   140 ||   349

Table legend: (Time is in decaauts)
 A = Elapsed time spent in this place.
 B = Non-inter-level travel time spent in this place.
 C = Inter-level travel time spent in this place.
 D = Time resting spent in this place.
 E = Time spent auto-exploring this place.
 F = Levels seen in this place.
 G = Mean time per level.
                   A        B        C        D        E       F      G
               +--------+--------+--------+--------+--------+-----+--------+
         Total |  18592 |  18239 |    353 |   8157 |   7947 |  14 | 1328.0 |
       Dungeon |  15488 |  15198 |    290 |   6060 |   7381 |  11 | 1408.0 |
        Temple |    394 |    331 |     63 |      0 |    328 |   1 |  394.0 |
         Sewer |   2333 |   2333 |      0 |   1805 |    238 |   1 | 2333.0 |
      Gauntlet |    375 |    375 |      0 |    292 |      0 |   1 |  375.0 |
               +--------+--------+--------+--------+--------+-----+--------+

Top non-repeatable levels by time:
     D:7: 2956 daAuts
   Sewer: 2333 daAuts
     D:9: 2031 daAuts
     D:5: 2001 daAuts
     D:8: 1623 daAuts
    D:10: 1377 daAuts
     D:6: 1321 daAuts
     D:1: 1101 daAuts
     D:2: 954 daAuts
     D:4: 879 daAuts
     D:3: 808 daAuts
    D:11: 432 daAuts
  Temple: 394 daAuts
Gauntlet: 375 daAuts
